PL
NORTHERN VIRGINIA RAINBOW MERMAIDS @ NEW ORLEANS VOODOO
08/07/2038
 
TOP OF THE 1ST
Northern Virginia Rainbow Mermaids batting - Pitching for New Orleans Voodoo : RHP Gary Ashley
Pitching: RHP Gary Ashley
Batting: LHB Craig Morgan 0-0: Called Strike
0-1: Foul Ball, location: 2F
0-2: Ball
1-2: Ground out U3 (Groundball, 3, EV 108.1 MPH)
Batting: RHB Mario Castillo 0-0: Called Strike
0-1: Called Strike
0-2: Ball
1-2: Ball
2-2: Ball
3-2: Base on Balls
Batting: LHB Ryder Ringor 0-0: Fly out, F8 (Flyball, 89M, EV 88.8 MPH)
Batting: LHB Tural Bishara 0-0: Called Strike
0-1: Ball
1-1: Ball
2-1: Foul Ball, location: 2F
2-2: Foul Ball, location: 2F
2-2: Strikes out swinging
Top of the 1st over - 0 runs, 0 hits, 0 errors, 1 left on base; Northern Virginia 0 - New Orleans 0
BOTTOM OF THE 1ST
New Orleans Voodoo batting - Pitching for Northern Virginia Rainbow Mermaids : RHP Eddie Kop
Pitching: RHP Eddie Kop
Batting: LHB Alexis Raimbault 0-0: Fly out, F8 (Flyball, 89M, EV 85.0 MPH)
Batting: RHB Tae-cho Han 0-0: Ball
1-0: Foul Ball, location: 2F
1-1: Fly out, F7 (Flyball, 7S, EV 80.6 MPH)
Batting: RHB Colm Goodwill 0-0: Ground out 6-3 (Groundball, 6S, EV 71.2 MPH)
Bottom of the 1st over - 0 runs, 0 hits, 0 errors, 0 left on base; Northern Virginia 0 - New Orleans 0
TOP OF THE 2ND
Northern Virginia Rainbow Mermaids batting - Pitching for New Orleans Voodoo : RHP Gary Ashley
Batting: SHB Lupo Cotto 0-0: Called Strike
0-1: Ball
1-1: Ball
2-1: Foul Ball, location: 2F
2-2: Ball
3-2: Strikes out swinging
Batting: RHB Phil McCroskey 0-0: Fly out, F7 (Flyball, 7LS, EV 83.8 MPH)
Batting: LHB Tim Stinson 0-0: Ball
1-0: Foul Ball, location: 2F
1-1: Ball
2-1: SINGLE (Line Drive, 5D, EV 101.9 MPH)
Batting: LHB Owen Sharts 0-0: Swinging Strike
0-1: Ball
1-1: Foul Ball, location: 2F
1-2: Ball
2-2: Ball
3-2: Strikes out swinging
Top of the 2nd over - 0 runs, 1 hit, 0 errors, 1 left on base; Northern Virginia 0 - New Orleans 0
BOTTOM OF THE 2ND
New Orleans Voodoo batting - Pitching for Northern Virginia Rainbow Mermaids : RHP Eddie Kop
Batting: LHB Jorge Alejándrez 0-0: Called Strike
0-1: Called Strike
0-2: Strikes out swinging
Batting: LHB Weston Doyle 0-0: Swinging Strike
0-1: Called Strike
0-2: Ball
1-2: Foul Ball, location: 2F
1-2: Ground out 4-3 (Groundball, 34, EV 102.5 MPH)
Batting: RHB Petri Kallio 0-0: Ball
1-0: Called Strike
1-1: Foul Ball, location: 2F
1-2: Ground out 5-3 (Groundball, 5, EV 83.8 MPH)
Bottom of the 2nd over - 0 runs, 0 hits, 0 errors, 0 left on base; Northern Virginia 0 - New Orleans 0
TOP OF THE 3RD
Northern Virginia Rainbow Mermaids batting - Pitching for New Orleans Voodoo : RHP Gary Ashley
Batting: RHB Tony Calhoun 0-0: Called Strike
0-1: Swinging Strike
0-2: Foul Ball, location: 2F
0-2: Strikes out looking
Batting: LHB Craig Morgan 0-0: Ball
1-0: Called Strike
1-1: DOUBLE (Line Drive, 7LM, EV 88.8 MPH)
Pinch Runner at 2nd Zahid Kashani:
Batting: RHB Mario Castillo 0-0: Called Strike
0-1: Swinging Strike
0-2: Strikes out swinging
Batting: LHB Ryder Ringor 0-0: Ball
1-0: Called Strike
1-1: Ball
2-1: Called Strike
2-2: Fly out, F2 (Popup, 25F, EV 91.9 MPH)
Top of the 3rd over - 0 runs, 1 hit, 0 errors, 1 left on base; Northern Virginia 0 - New Orleans 0
BOTTOM OF THE 3RD
New Orleans Voodoo batting - Pitching for Northern Virginia Rainbow Mermaids : RHP Eddie Kop
Now at 3B: Eric Deweese
Batting: RHB Hyeon-cheong Kim 0-0: Swinging Strike
0-1: Ball
1-1: Swinging Strike
1-2: Ball
2-2: Fly out, F9 (Flyball, 9LM, EV 84.4 MPH)
Batting: RHB Tim Burney 0-0: Called Strike
0-1: Swinging Strike
0-2: Strikes out looking
Batting: RHB John Clark 0-0: Ground out 4-3 (Groundball, 4, EV 87.5 MPH)
Bottom of the 3rd over - 0 runs, 0 hits, 0 errors, 0 left on base; Northern Virginia 0 - New Orleans 0
TOP OF THE 4TH
Northern Virginia Rainbow Mermaids batting - Pitching for New Orleans Voodoo : RHP Gary Ashley
Batting: LHB Tural Bishara 0-0: Ball
1-0: Called Strike
1-1: Fly out, F8 (Flyball, 8RD, EV 91.2 MPH)
Batting: SHB Lupo Cotto 0-0: Called Strike
0-1: Foul Ball, location: 2F
0-2: Ball
1-2: Ball
2-2: Strikes out looking
Batting: RHB Phil McCroskey 0-0: Foul Ball, location: 2F
0-1: Ball
1-1: SINGLE (Groundball, 6MD, EV 108.1 MPH)
Batting: LHB Tim Stinson 0-0: Foul Ball, location: 2F
0-1: Fielders Choice at 2nd, 6-4 (Groundball, 6, EV 83.8 MPH)
Top of the 4th over - 0 runs, 1 hit, 0 errors, 1 left on base; Northern Virginia 0 - New Orleans 0
BOTTOM OF THE 4TH
New Orleans Voodoo batting - Pitching for Northern Virginia Rainbow Mermaids : RHP Eddie Kop
Batting: LHB Alexis Raimbault 0-0: Ball
1-0: Ball
2-0: Called Strike
2-1: Ball
3-1: Called Strike
3-2: Foul Ball, location: 2F
3-2: SINGLE (Line Drive, 4MD, EV 98.8 MPH)
Batting: RHB Tae-cho Han 0-0: Ball
1-0: Called Strike
1-1: SINGLE (Line Drive, 6MD, EV 99.4 MPH)
Alexis Raimbault to second
Runner from 2nd tries for 3rd, SAFE, throw by CF made to third
Batting: RHB Colm Goodwill 0-0: Ball
1-0: Called Strike
1-1: Fly out, F8 (Flyball, 8LD, EV 90.0 MPH)
Runner from 3rd tags up, SCORES, throw by CF
Batting: LHB Jorge Alejándrez 0-0: Swinging Strike
0-1: Called Strike
0-2: Ball
1-2: Foul Ball, location: 2F
1-2: Foul Ball, location: 2F
1-2: Strikes out looking
Batting: LHB Weston Doyle 0-0: Called Strike
0-1: Ball
Wild Pitch!
Tae-cho Han to second
1-1: Ball
2-1: Called Strike
2-2: Strikes out swinging
Bottom of the 4th over - 1 run, 2 hits, 0 errors, 1 left on base; Northern Virginia 0 - New Orleans 1
TOP OF THE 5TH
Northern Virginia Rainbow Mermaids batting - Pitching for New Orleans Voodoo : RHP Gary Ashley
Batting: LHB Owen Sharts 0-0: Ball
1-0: Ground out U3 (Groundball, 3L, EV 108.1 MPH)
Batting: RHB Tony Calhoun 0-0: Called Strike
0-1: SINGLE (Groundball, 5L, EV 95.6 MPH)
Batting: RHB Eric Deweese 0-0: Called Strike
Tony Calhoun steals 2nd base
0-1: Called Strike
Tony Calhoun is caught stealing 3rd base 2-5
0-2: Strikes out swinging
Top of the 5th over - 0 runs, 1 hit, 0 errors, 0 left on base; Northern Virginia 0 - New Orleans 1
BOTTOM OF THE 5TH
New Orleans Voodoo batting - Pitching for Northern Virginia Rainbow Mermaids : RHP Eddie Kop
Batting: RHB Petri Kallio 0-0: Ground out 4-3 (Groundball, 4MS, EV 80.6 MPH)
Batting: RHB Hyeon-cheong Kim 0-0: Called Strike
0-1: Ball
1-1: Swinging Strike
1-2: SINGLE (Groundball, 4MD, EV 95.6 MPH)
Batting: RHB Tim Burney 0-0: Foul Ball, location: 2F
0-1: Foul Ball, location: 2F
0-2: Ball
1-2: Strikes out looking
Batting: RHB John Clark 0-0: Called Strike
0-1: Swinging Strike
0-2: Foul Ball, location: 2F
0-2: Foul Ball, location: 2F
0-2: Strikes out looking
Bottom of the 5th over - 0 runs, 1 hit, 0 errors, 1 left on base; Northern Virginia 0 - New Orleans 1
TOP OF THE 6TH
Northern Virginia Rainbow Mermaids batting - Pitching for New Orleans Voodoo : RHP Gary Ashley
Batting: RHB Mario Castillo 0-0: Ball
1-0: Called Strike
1-1: Ball
2-1: Ball
3-1: Foul Ball, location: 2F
3-2: Foul Ball, location: 2F
3-2: Base on Balls
Batting: LHB Ryder Ringor 0-0: Called Strike
Mario Castillo is caught stealing 2nd base 2-6
0-1: Hit by Pitch
Batting: LHB Tural Bishara 0-0: Swinging Strike
0-1: Foul Ball, location: 2F
0-2: Ball
1-2: SINGLE (Line Drive, 78S, EV 92.5 MPH)
Ryder Ringor to second
Batting: SHB Lupo Cotto 0-0: Ball
1-0: Foul Ball, location: 2F
1-1: Swinging Strike
1-2: Ball
2-2: Foul Ball, location: 2F
2-2: 3-RUN HOME RUN (Flyball, 9D, EV 91.2 MPH), Distance : 334 ft
Batting: RHB Phil McCroskey 0-0: Called Strike
0-1: Ground out 6-3 (Groundball, 6, EV 88.1 MPH)
Batting: LHB Tim Stinson 0-0: Ball
1-0: Ball
2-0: Fly out, F8 (Flyball, 8LS, EV 86.2 MPH)
Top of the 6th over - 3 runs, 2 hits, 0 errors, 0 left on base; Northern Virginia 3 - New Orleans 1
BOTTOM OF THE 6TH
New Orleans Voodoo batting - Pitching for Northern Virginia Rainbow Mermaids : RHP Eddie Kop
Batting: LHB Alexis Raimbault 0-0: Swinging Strike
0-1: Ball
1-1: SINGLE (Groundball, 4MD, EV 95.6 MPH)
Batting: RHB Tae-cho Han 0-0: Ball
1-0: Foul Ball, location: 2F
1-1: Foul Ball, location: 2F
1-2: Foul Ball, location: 2F
1-2: Ball
2-2: Grounds into double play, 5-4-3 (Groundball, 5S, EV 82.5 MPH)
Batting: RHB Colm Goodwill 0-0: Ball
1-0: Ball
2-0: Foul Ball, location: 2F
2-1: Foul Ball, location: 2F
2-2: DOUBLE (Line Drive, 78M, EV 108.8 MPH)
Batting: LHB Jorge Alejándrez 0-0: Ball
1-0: Ball
2-0: Ball
3-0: Called Strike
3-1: Foul Ball, location: 2F
3-2: Foul Ball, location: 2F
3-2: Strikes out swinging
Bottom of the 6th over - 0 runs, 2 hits, 0 errors, 1 left on base; Northern Virginia 3 - New Orleans 1
TOP OF THE 7TH
Northern Virginia Rainbow Mermaids batting - Pitching for New Orleans Voodoo : RHP Gary Ashley
Batting: LHB Owen Sharts 0-0: Ball
1-0: Swinging Strike
1-1: Ball
2-1: Ball
3-1: Foul Ball, location: 2F
3-2: Base on Balls
Pitching: RHP Gilberto Medina
Batting: RHB Tony Calhoun 0-0: Ball
1-0: Sac Bunt to 15 - play at first, batter OUT! 1-4
Owen Sharts to second
Batting: RHB Eric Deweese 0-0: SINGLE (Groundball, 56D, EV 99.4 MPH)
Owen Sharts to third
Runner from 3rd tries for Home, SAFE, no throw by LF
Batting: RHB Mario Castillo 0-0: Ball
1-0: Fly out, F7 (Flyball, 8LM, EV 81.2 MPH)
Batting: LHB Ryder Ringor 0-0: Foul Ball, location: 2F
0-1: Foul Ball, location: 2F
0-2: Ball
1-2: Foul Ball, location: 2F
1-2: Ball
2-2: Ground out 4-3 (Groundball, 4, EV 83.8 MPH)
Top of the 7th over - 1 run, 1 hit, 0 errors, 1 left on base; Northern Virginia 4 - New Orleans 1
BOTTOM OF THE 7TH
New Orleans Voodoo batting - Pitching for Northern Virginia Rainbow Mermaids : RHP Eddie Kop
Batting: LHB Weston Doyle 0-0: Ball
1-0: Called Strike
1-1: Ball
2-1: Fly out, F5 (Popup, 5SF, EV 81.9 MPH)
Batting: RHB Petri Kallio 0-0: Fly out, F3 (Line Drive, 3, EV 61.2 MPH)
Batting: RHB Hyeon-cheong Kim 0-0: Ball
1-0: Called Strike
1-1: Fly out, F9 (Flyball, 9LD, EV 101.2 MPH)
Bottom of the 7th over - 0 runs, 0 hits, 0 errors, 0 left on base; Northern Virginia 4 - New Orleans 1
TOP OF THE 8TH
Northern Virginia Rainbow Mermaids batting - Pitching for New Orleans Voodoo : RHP Gilberto Medina
Batting: LHB Tural Bishara 0-0: Foul Ball, location: 2F
0-1: Ball
1-1: Ball
2-1: Foul Ball, location: 2F
2-2: Strikes out swinging
Batting: SHB Lupo Cotto 0-0: Ball
1-0: Swinging Strike
1-1: DOUBLE (Flyball, 9LD, EV 108.8 MPH)
Batting: RHB Phil McCroskey 0-0: SINGLE (Groundball, 56D, EV 96.9 MPH)
Lupo Cotto to third
Runner from 3rd tries for Home, SAFE, throw by LF to home
Batting: LHB Tim Stinson 0-0: Ball
1-0: Foul Ball, location: 2F
1-1: Foul Ball, location: 2F
1-2: Ball
Phil McCroskey steals 2nd base
2-2: Ball
3-2: Fly out, F6 (Popup, 6M, EV 52.5 MPH)
Batting: LHB Owen Sharts 0-0: Swinging Strike
0-1: Ground out U3 (Groundball, 3, EV 100.6 MPH)
Top of the 8th over - 1 run, 2 hits, 0 errors, 1 left on base; Northern Virginia 5 - New Orleans 1
BOTTOM OF THE 8TH
New Orleans Voodoo batting - Pitching for Northern Virginia Rainbow Mermaids : RHP Eddie Kop
Batting: RHB Tim Burney 0-0: Foul Ball, location: 2F
0-1: Called Strike
0-2: Foul Ball, location: 2F
0-2: Strikes out looking
Batting: RHB John Clark 0-0: Called Strike
0-1: Ground out 6-3 (Groundball, 6, EV 90.6 MPH)
Batting: LHB Alexis Raimbault 0-0: Swinging Strike
0-1: Fly out, F7 (Flyball, 78M, EV 75.6 MPH)
Bottom of the 8th over - 0 runs, 0 hits, 0 errors, 0 left on base; Northern Virginia 5 - New Orleans 1
TOP OF THE 9TH
Northern Virginia Rainbow Mermaids batting - Pitching for New Orleans Voodoo : RHP Gilberto Medina
Pitching: RHP Grover Lowdermilk
Batting: RHB Tony Calhoun 0-0: Foul Ball, location: 2F
0-1: Ball
1-1: Swinging Strike
1-2: Ball
2-2: SINGLE (Line Drive, 4D, EV 106.9 MPH)
Batting: RHB Eric Deweese 0-0: Ball
1-0: Ball
2-0: 2-RUN HOME RUN (Flyball, 78XD, EV 108.1 MPH), Distance : 394 ft
Batting: RHB Mario Castillo 0-0: Ball
1-0: Ball
2-0: Ground out 5-3 (Groundball, 56, EV 85.6 MPH)
Batting: LHB Ryder Ringor 0-0: Ball
1-0: Foul Ball, location: 2F
1-1: Ball
2-1: Foul Ball, location: 2F
2-2: Strikes out looking
Batting: LHB Tural Bishara 0-0: Ball
1-0: Called Strike
1-1: Ball
2-1: SOLO HOME RUN (Flyball, 9D, EV 98.1 MPH), Distance : 361 ft
Batting: RHB Scott Dourque 0-0: Called Strike
0-1: Swinging Strike
0-2: Foul Ball, location: 2F
0-2: Foul Ball, location: 2F
0-2: Ball
1-2: Ball
2-2: Strikes out swinging
Top of the 9th over - 3 runs, 3 hits, 0 errors, 0 left on base; Northern Virginia 8 - New Orleans 1
BOTTOM OF THE 9TH
New Orleans Voodoo batting - Pitching for Northern Virginia Rainbow Mermaids : RHP Eddie Kop
Batting: RHB Tae-cho Han 0-0: Ball
1-0: Ball
2-0: Called Strike
2-1: Ball
3-1: Base on Balls
Pitching: RHP Brewster Warble
Batting: RHB Colm Goodwill 0-0: Ball
1-0: Ball
2-0: Ball
3-0: Called Strike
3-1: Called Strike
3-2: Foul Ball, location: 2F
3-2: Grounds into double play, 6-4-3 (Groundball, 6, EV 90.0 MPH)
Batting: LHB Jorge Alejándrez 0-0: Ball
1-0: Ball
2-0: Ball
3-0: Called Strike
3-1: Foul Ball, location: 2F
3-2: Base on Balls
Batting: LHB Weston Doyle Pickoff Throw to First - Error! E1
Jorge Alejándrez to second
0-0: Ball
1-0: Ball
2-0: Swinging Strike
2-1: Foul Ball, location: 2F
2-2: Strikes out swinging
Bottom of the 9th over - 0 runs, 0 hits, 1 error, 1 left on base; Northern Virginia 8 - New Orleans 1
Friday, April 17th, 2020 - OOTP Baseball 20.8 Build 74